Map: [ESL] Hecate

Players

Erik

  • Race: Zerg Zerg
  • Spawn Location: 7:00

eGGz - Winner!

  • Race: Zerg Zerg
  • Spawn Location: 1:00

Event: ESL SC2 Masters 2023 Winter (Regional)

VOD

Have the link to the VOD?

Description

Time

  • Played on: Nov. 3, 2023, 3:11 p.m.
  • Length: 5:14

All games in this series

Show
View Real Time Build Order
Export as new Build Order

Erik Zerg 

Build Orders: 1 Base Baneling Bust, Pool First, Zergling Baneling 

Get SALT Encoding   

  12  0:00  Drone  
  13  0:08  Drone  
  14  0:25  Spawning Pool  
  14  0:27  Drone  
  14  0:31  Extractor  
  14  0:35  Drone  
  14  0:43  Overlord  
  14  0:54  Extractor  
  14  0:55  Drone  
  15  1:11  Zergling x2  
  15  1:12  Zergling x4  
  15  1:17  Baneling Nest  
  17  1:23  Zergling x2  
  18  1:34  Zergling x2  
  19  1:44  Zergling x2  
  20  1:56  Zergling x2  
  21  2:03  Baneling x3  
  22  2:08  Zergling x2  
  22  2:11  Spine Crawler  
  22  2:13  Spine Crawler  
  20  2:16  Queen  
  22  2:34  Overlord  
  22  2:42  Drone  
  21  2:46  Baneling  
  21  2:48  Baneling  
  21  2:50  Overlord  
  21  2:54  Drone  
  22  3:02  Drone  
  23  3:13  Drone  
  24  3:22  Drone  
  24  3:26  Drone x3  
  28  3:41  Hatchery  
  26  3:51  Drone x2  
  26  3:55  Baneling  
  25  4:00  Zergling x2  
  26  4:04  Zergling x2  
  26  4:05  Zergling x2  
  26  4:08  Queen  
  30  4:11  Zergling x2  
  31  4:28  Baneling x3  
  31  4:33  Overlord  
  31  4:40  Zergling x8  
  27  4:49  Zergling x2  
  30  4:54  Zergling x2  
Show
View Real Time Build Order
Export as new Build Order

eGGz Zerg - Winner!

Build Orders: Hatch First, Zergling Baneling 

Get SALT Encoding   

  12  0:00  Drone  
  13  0:13  Overlord  
  13  0:17  Drone  
  14  0:32  Drone x2  
  16  0:38  Drone  
  17  0:53  Hatchery  
  17  0:57  Drone  
  17  1:05  Extractor  
  17  1:09  Drone  
  17  1:14  Spawning Pool  
  17  1:16  Drone  
  17  1:22  Drone  
  18  1:33  Drone  
  19  2:01  Zergling x6, Spine Crawler  
  19  2:05  Zergling x2  
  19  2:06  Queen  
  24  2:21  Baneling Nest  
  22  2:40  Zergling x2  
  22  2:42  Zergling x2  
  20  2:50  Zergling x2  
  21  2:57  Zergling x4  
  23  3:04  Baneling x2  
  23  3:09  Baneling x2  
  23  3:16  Overlord  
  23  3:23  Baneling x2  
  23  3:36  Zergling x4  
  23  3:39  Zergling x2  
  26  3:53  Zergling x2  
  22  3:58  Zergling x2  
  22  3:59  Zergling x4  
  25  4:04  Zergling x2  
  26  4:10  Zergling x2  
  26  4:16  Baneling x2  
  27  4:18  Baneling  
  27  4:20  Baneling x2  
  27  4:27  Baneling  
  27  4:29  Zergling x2  
  28  4:34  Zergling x2  
  26  4:50  Zergling x2  
  26  4:51  Zergling x4, Baneling  
Tags
 
Add a new tag
Caveats
  • Supply blocks, unpowered buildings, or Contaminate may cause inaccurate times.
  • Supply counts are checked every 10 seconds.